 Dungeon Crawl Stone Soup version 0.28-a0-1406-ga8dd43b1d0 (webtiles) character file.

Game seed: 8080055935699024390

1474 Lekart the Skirmisher (level 8, -6/73 HPs)
             Began as a Yellow Draconian Fighter on Jan 6, 2022.
             Killed by divine providence
             ... invoked by an orc priest
              (13 damage)
             ... on level 6 of the Dungeon.
             The game lasted 00:11:55 (7525 turns).

Lekart the Skirmisher (Yellow Draconian Fighter)    Turns: 7525, Time: 00:11:55

Health: -6/73      AC:  8    Str: 18    XL:     8   Next: 49%
Magic:  17/17      EV: 13    Int:  8    God:
Gold:   214        SH:  5    Dex: 14    Spells: 7/7 levels left

rFire   . . .      SeeInvis .   a - +0 long sword
rCold   + . .      Faith    .   b - +0 buckler
rNeg    . . .      Spirit   .   (armour unavailable)
rPois   .          Reflect  .   (helmet restricted)
rElec   .          Harm     .   r - +1 cloak
rCorr   +          Rampage  .   (no gloves)
Will    .....                   (no boots)
Stlth   +.........              (no amulet)
HPRegen 0.22/turn               g - ring of magical power
MPRegen 0.15/turn               q - ring of protection from cold

@: short of breath, studying Hexes
A: spit acid, AC +6, unfitting armour, cold-blooded, acid resistance
a: Breathe Acid


You were on level 6 of the Dungeon.
You visited 1 branch of the dungeon, and saw 6 of its levels.
You also visited: Sewer.

You collected 214 gold pieces.

Inventory:

Hand Weapons
 a - a +0 long sword (weapon)
Armour
 b - a +0 buckler (worn)
 r - a +1 cloak (worn)
Jewellery
 g - a ring of magical power (left hand)
 m - a ring of ice
 p - an amulet of faith
 q - a ring of protection from cold (right hand)
Wands
 n - a wand of charming (7)
Scrolls
 d - a scroll of teleportation
Potions
 c - 4 potions of might
 e - 3 potions of lignification
 h - a potion of brilliance
 l - 5 potions of haste


   Skills:
 * Level 7.3 Fighting
 + Level 6.6 Long Blades
 + Level 5.2 Dodging
 - Level 0.2 Stealth
 + Level 4.4 Shields


You had 7 spell levels left.
You didn't know any spells.
Your spell library contained the following spells:

 Spells                   Type           Power      Damage    Failure   Level
 Freeze                   Ice            0%         1d3       50%         1
 Frozen Ramparts          Ice            0%         1d2       86%         3
 Hailstorm                Conj/Ice       0%         3d3       99%         4


Dungeon Overview and Level Annotations

Branches:
Dungeon (6/15)              Sewer (visited)
 Temple: D:4-7

Altars:
Gozag
The Shining One


Innate Abilities, Weirdness & Mutations

You can spit globs of acid.
Your golden yellow scales are hard. (AC +6)
You cannot fit into any form of body armour.
You are cold-blooded and may be slowed by cold attacks.
You are resistant to acid. (rCorr)


Message History

Aim: a gnoll, wielding a +0 halberd (chance to affect: 57%)
The gnoll is charmed.
You start resting.
Your transformation is almost over.
You start resting.
You feel less wooden.
Your +1 cloak unmelds from your body.
What are your orders? t - Shout!
Orders for allies: a - Attack new target. p - Attack previous target. r - Retreat! s - Stop attacking. g - Guard the area. f - Follow me.
Anything else - Cancel.
Retreat in which direction?
Press: ? - help, Dir - move target, p - gnoll Fall back!
There is a stone staircase leading down here.
An orc comes into view. It is wielding a +4 falchion.
The orc shouts! x2; You hear a shout! x2
An orc priest and an orc wizard come into view.
The orc wizard gestures wildly while chanting.
The orc wizard flickers and vanishes!
Deactivating autopickup; reactivate with Ctrl-A.
The orc throws a boomerang.
The boomerang misses you. The orc barely misses you.
Okay, then.
The orc hits you but does no damage. The orc hits you with a +4 falchion.
* * * LOW HITPOINT WARNING * * *
Press: ? - help, Shift-Dir - straight line, f - orc
Aim: an orc, wielding a +0 club You spit a glob of acid.
The glob of acid hits the orc!!
The acid corrodes the orc!
The acid splashes onto the orc!
The orc is splashed with acid!
You kill the orc!
The acid splashes onto the orc priest!
The orc priest is splashed with acid.
The acid corrodes the orc priest!
You kill the orc!
The orc priest mumbles some strange prayers to Beogh against you.
Beogh smites you!
You die...

,,,,,,*,,,,*,...,,#...#.# *,***
,,,,,,*,..,*##..###.../.# *,*
,,,,,**....*#....##.##..# *,*
,,,,,*#.?..##8..8##..#..# *,*
,,,,,,..................# *,*
,**,...................#* *,*
,,*.....#.[.$..........# *,*
,,*.....#......))o...#.######,*
,,#.............@#.#......†<#,*
*,#..............#.#.#.######,*
*.#..............#.#.#.#*****,*
#....##..........#.#.#..,,,,,,*
.................#...####******
...#..?..........#####
...#.............#
.....##..........#
..#..............#


You could see an orc priest (corroded).

Vanquished Creatures
  A water moccasin (D:5)
  An ogre (D:5)
  2 kobold brigands (Sewer)
  A gnoll sergeant (D:6)
  5 scorpions
  2 water moccasin zombies (D:5)
  A water moccasin skeleton (D:5)
  2 howler monkeys
  A centaur zombie (D:5)
  2 hounds (D:4)
  Crazy Yiuf (D:5)
  Ijyb (D:5)
  Natasha (thrice) (D:2)
  2 iguanas
  2 hound skeletons
  4 adders
  6 gnolls
  2 white imps
  2 ufetubi (D:5)
  A worm (D:5)
  2 dart slugs
  15 orcs
  16 ball pythons
  7 endoplasms
  6 giant cockroaches
  5 hobgoblins
  4 jackals (D:2)
  3 quokkas
  16 bats
  6 frilled lizards
  8 goblins
  24 kobolds
  4 rats
158 creatures vanquished.

Vanquished Creatures (others)
  A fungus (Sewer)
  2 plants (Sewer)
3 creatures vanquished.

Grand Total: 161 creatures vanquished

Notes
Turn   | Place    | Note
-------+----------+-------------------------------------------
     0 | D:1      | Lekart the Draconian Fighter began the quest for the Orb.
     0 | D:1      | Reached XP level 1. HP: 19/19 MP: 1/1
   102 | D:1      | Found a faded altar of an unknown god.
   185 | D:1      | Reached XP level 2. HP: 26/26 MP: 2/2
   342 | D:1      | You fall into a shaft and drop 1 floor!
   387 | D:2      | Noticed Natasha
   395 | D:2      | Killed Natasha
   396 | D:2      | Reached skill level 4 in Fighting
   396 | D:2      | Reached XP level 3. HP: 16/33 MP: 3/3
  1025 | D:2      | Noticed Natasha
  1032 | D:2      | HP: 1/33 [Natasha/magic dart (5)]
  1345 | D:1      | Reached XP level 4. HP: 38/40 MP: 4/4
  2002 | D:2      | Killed Natasha
  2400 | D:2      | Noticed Natasha
  2407 | D:2      | Killed Natasha
  2408 | D:2      | Reached XP level 5. HP: 38/47 MP: 5/5
  2631 | D:3      | Found an opulent altar of Gozag.
  3539 | D:4      | Reached skill level 5 in Fighting
  3539 | D:4      | Reached XP level 6. HP: 50/56 MP: 6/6
  4068 | D:4      | Found a glowing golden altar of the Shining One.
  4421 | D:5      | Entered Level 5 of the Dungeon
  4451 | D:4      | Reached skill level 5 in Long Blades
  4515 | D:5      | Your scales start taking on a golden yellow colour.
  4515 | D:5      | Reached XP level 7. HP: 58/62 MP: 7/7
  4515 | D:5      | Gained mutation: You are resistant to acid. (rCorr) [Yellow
                  | Draconian growth]
  4523 | D:5      | Reached skill level 6 in Fighting
  5060 | D:5      | Found a runed translucent door.
  5061 | D:5      | Noticed Crazy Yiuf
  5323 | D:5      | Noticed Ijyb
  5332 | D:5      | Killed Ijyb
  5586 | D:5      | Reached XP level 8. HP: 45/71 MP: 8/8
  6173 | D:5      | Killed Crazy Yiuf
  6458 | D:6      | Found a glowing drain.
  6467 | Sewer    | Entered a sewer
  6743 | Sewer    | Reached skill level 7 in Fighting
  7172 | Sewer    | Reached skill level 5 in Dodging
  7476 | D:6      | HP: 5/109 [gnoll (8)]
  7477 | D:6      | HP: 2/109 [gnoll (5)]
  7483 | D:6      | HP: 4/109 [gnoll (2)]
  7525 | D:6      | Killed from afar by an orc priest

Illustrated notes

Levels and vault maps discovered:
D:1:      kilobyte_arrival_exit_the_forest, layout_loops_ring,
          basic_ecumenical_altar, minmay_misc_feat_square, minivault_24,
          minivault_27
D:2:      layout_rooms, minmay_heptomino_w4, uniq_natasha
D:3:      layout_loops_cross, nicolae_gozag_seed_capital,
          chequers_serial_rivers_large_b
D:4:      layout_cave_pools, mainiacjoe_overflow_boulevard
D:5:      minmay_general_purpose_star, layout_basic, minmay_checkerbox,
          uniq_ijyb, uniq_crazy_yiuf_cottage
D:6:      layout_basic, minitemple, mainiacjoe_overflow_alcove_1,
          cheibrodos_sewer_entry_sluice, grunt_decor_resistance

Skill      XL: |  1  2  3  4  5  6  7  8 |
---------------+-------------------------+-----
Fighting       | 4 5 6 7 |  7.3
Dodging        | 3 4 5 |  5.2
Long Blades    | 3 4 5 6 |  6.6
Shields        | 4 |  4.4
Stealth        | |  0.2

Action                   |  1- 3 |  4- 6 |  7- 9 || total
-------------------------+-------+-------+-------++-------
Melee: Long sword        |    82 |   172 |   205 ||   459
       Tailslap          |     6 |    30 |    20 ||    56
 Abil: Breathe Acid      |       |       |     9 ||     9
Evoke: Wand              |       |       |     1 ||     1
  Use: Potion            |     1 |       |     8 ||     9
       Scroll            |       |     2 |     5 ||     7
 Stab: Sleeping          |       |     1 |     1 ||     2
       Invisible         |       |       |     2 ||     2
Armor: Skin              |    40 |    59 |   132 ||   231
Dodge: Dodged            |    58 |   105 |   174 ||   337
Block: Buckler           |    26 |    51 |    72 ||   149

Table legend: (Time is in decaauts)
 A = Elapsed time spent in this place.
 B = Non-inter-level travel time spent in this place.
 C = Inter-level travel time spent in this place.
 D = Time resting spent in this place.
 E = Time spent auto-exploring this place.
 F = Levels seen in this place.
 G = Mean time per level.
                   A        B        C        D        E       F      G
               +--------+--------+--------+--------+--------+-----+--------+
         Total |   7676 |   7564 |    112 |   2435 |   3789 |   7 | 1096.6 |
       Dungeon |   6684 |   6572 |    112 |   1848 |   3597 |   6 | 1114.0 |
         Sewer |    992 |    992 |      0 |    587 |    191 |   1 |  992.0 |
               +--------+--------+--------+--------+--------+-----+--------+

Top non-repeatable levels by time:
     D:5: 1997 daAuts
     D:3: 1336 daAuts
     D:1: 1304 daAuts
     D:2: 1217 daAuts
   Sewer: 992 daAuts
     D:4: 671 daAuts
     D:6: 157 daAuts
